 Dungeon Crawl Stone Soup version 0.27-a0-277-g024f7ef292 (webtiles) character file.

Game seed: 10971028436413698192

3461 Borgoz the Skirmisher (level 10, -6/64 HPs)
             Began as a Gargoyle Gladiator on Feb 5, 2021.
             Was an Initiate of Okawaru.
             Mangled by a troll (7 damage)
             ... on level 9 of the Dungeon.
             The game lasted 00:15:22 (10306 turns).

Borgoz the Skirmisher (Gargoyle Gladiator)         Turns: 10306, Time: 00:15:22

Health: -6/64      AC: 16    Str: 17    XL:     10   Next: 6%
Magic:  11/11      EV: 15    Int: 10    God:    Okawaru [......]
Gold:   385        SH:  0    Dex: 14    Spells: 9/9 levels left

rFire    . . .     SeeInvis .   a - +0 flail
rCold    . . .     Faith    .   (no shield)
rNeg     + . .     Spirit   .   g - +0 steam dragon scales
rPois    ∞         Reflect  .   c - +0 helmet
rElec    +         Harm     .   (no cloak)
rCorr    .         Rampage  .   (no gloves)
Will     .....                  d - +0 pair of boots
Stlth    +.........             (no amulet)
HPRegen  0.20/turn              (no ring)
MPRegen  0.12/turn              (no ring)

@: no status effects
A: negative energy resistance 1, electricity resistance, unbreathing,
petrification resistance, miasma immunity, AC +7
a: Renounce Religion


You were on level 9 of the Dungeon.
You worshipped Okawaru.
Okawaru was noncommittal.
You visited 2 branches of the dungeon, and saw 10 of its levels.
You also visited: Ossuary.

You collected 645 gold pieces.
You spent 260 gold pieces at shops.

Inventory:

Hand Weapons
 a - a +0 flail (weapon)
 b - a +1 great mace of draining
 f - a +1 morningstar of flaming
Armour
 c - a +0 helmet (worn)
 d - a +0 pair of boots (worn)
 g - +0 steam dragon scales (worn)
Wands
 o - a wand of paralysis (3)
 p - a wand of flame (14)
 s - a wand of mindburst (16)
 v - a wand of digging (4)
Scrolls
 h - 2 scrolls of fear
 j - 2 scrolls of remove curse
 n - 5 scrolls of enchant armour
 t - 2 scrolls of magic mapping
Potions
 e - 2 potions of brilliance
 l - 4 potions of flight
 u - a potion of magic {unknown}


   Skills:
 + Level 7.9 Fighting
 + Level 7.6 Maces & Flails
 - Level 1.9 Throwing
 + Level 7.4 Armour
 + Level 6.3 Dodging
 + Level 1.6 Invocations


You had 9 spell levels left.
You didn't know any spells.
Your spell library contained the following spells:

 Spells                   Type           Power        Failure   Level
 Magic Dart               Conj           0%           36%         1
 Blink                    Tloc           N/A          50%         2
 Call Imp                 Summ           0%           50%         2
 Slow                     Hex            0%           50%         2
 Conjure Flame            Conj/Fire      0%           75%         3
 Mephitic Cloud           Conj/Pois/Air  0%           75%         3
 Static Discharge         Conj/Air       0%           75%         3
 Iskenderun's Mystic Bla  Conj/Tloc      0%           98%         4
 Sticky Flame             Conj/Fire      0%           98%         4
 Conjure Ball Lightning   Conj/Air       0%           100%        6


Dungeon Overview and Level Annotations

Branches:
Dungeon (9/15)             Temple (1/1) D:6            Lair (0/6) D:8
Ossuary (visited)
    Orc: D:9-12

Altars:
Dithmenos
Elyvilon
Fedhas
Gozag
Kikubaaqudgha
Makhleb
Nemelex Xobeh
Okawaru
Qazlal
Sif Muna
Trog
Uskayaw
Vehumet
Wu Jian
Zin
The Shining One
Lugonu

Shops:
D:6 *


Innate Abilities, Weirdness & Mutations

You are resistant to torment.
Your stone body is resilient. (AC +7)
You are immune to poison.
You resist negative energy. (rN+)
You are resistant to electric shocks. (rElec)
You can survive without breathing.
You are immune to petrification.
You are immune to miasma.


Message History

Okay, then.
Aiming: Paralyse
Press: ? - help, Shift-Dir - straight line, f - troll
Aim: a troll (heavily wounded, chance to affect: 46%)
The troll resists with some effort.
The troll bites you.
* * * LOW HITPOINT WARNING * * *
The troll claws you but does no damage. The troll barely misses you.
Aiming: Paralyse
Press: ? - help, Shift-Dir - straight line, f/p - troll
Aim: a troll (heavily wounded, chance to affect: 46%)
The troll resists with some effort.
The troll bites you but does no damage. The troll claws you.
* * * LOW HITPOINT WARNING * * *
The troll claws you but does no damage.
Aiming: Paralyse
Press: ? - help, Shift-Dir - straight line, f/p - troll
Aim: a troll (heavily wounded, chance to affect: 46%)
The troll resists with some effort.
The troll barely misses you. The troll claws you!
You die...

#.# #.# ###'# ### #._.#
<. #...#######. #####'#
#<#......... ..=....
####.#.#######.
......)###..'.#.#...#)
......oT@..##.#.#.#.#.###
...>...######.#.#.#.# ..#
....... #.###.#.###.#
....... #.....#.....#
####### ####'########
#..# ##.#### #....#
#######.##


You could see a troll and an orc.

Vanquished Creatures
  Pikel (D:5)
  Maggie (D:6)
  Sigmund (D:4)
  Duvessa (D:5)
  The ghost of ma3 the Magician, an amateur SpEE (D:4)
  An ogre (D:7)
  2 centaurs
  A big kobold (D:7)
  2 elf zombies (Ossuary)
  Blork the orc (D:5)
  4 bullfrogs
  Dowan (D:5)
  A water moccasin skeleton (D:5)
  3 scorpions
  5 howler monkeys
  A centaur zombie (Ossuary)
  4 hounds
  A quasit (D:6)
  A jelly (D:5)
  2 human zombies (Ossuary)
  5 orc priests
  An iguana (D:2)
  7 orc wizards
  3 worker ants
  A hound zombie (Ossuary)
  3 mummies (Ossuary)
  2 worker ant zombies
  8 adders
  9 gnolls
  A river rat (D:8)
  A white imp (D:9)
  An adder skeleton (D:7)
  3 adder zombies (Ossuary)
  3 worms
  2 dart slugs
  9 leopard geckos
  36 orcs
  12 bats
  3 bat zombies (D:4)
  4 giant cockroaches
  10 goblins
  8 hobgoblins
  2 jackals (D:1)
  4 quokkas
  A ball python (D:1)
  10 frilled lizards
  A giant cockroach zombie (D:5)
  A gnoll zombie (Ossuary)
  2 goblin zombies (Ossuary)
  6 hobgoblin zombies (Ossuary)
  2 jackal zombies (Ossuary)
  14 kobolds
  6 kobold zombies (Ossuary)
  5 quokka zombies
  13 rats
  6 rat zombies
240 creatures vanquished.

Notes
Turn   | Place    | Note
-------+----------+-------------------------------------------
     0 | D:1      | Borgoz the Gargoyle Gladiator began the quest for the Orb.
     0 | D:1      | Reached XP level 1. HP: 12/12 MP: 1/1
   125 | D:1      | Reached XP level 2. HP: 18/18 MP: 2/2
   481 | D:1      | Reached XP level 3. HP: 21/22 MP: 3/3
   515 | D:1      | You fall into a shaft and drop 1 floor!
   535 | D:2      | Reached skill level 1 in Armour
   948 | D:1      | Reached XP level 4. HP: 11/28 MP: 4/4
  1502 | D:2      | Reached XP level 5. HP: 32/32 MP: 5/5
  2755 | D:3      | Reached XP level 6. HP: 31/38 MP: 6/6
  2976 | D:3      | Found a bloodstained altar of Trog.
  3225 | D:3      | Found a shadowy altar of Dithmenos.
  3895 | D:4      | Found a runed translucent door.
  3897 | D:4      | Noticed ma3's ghost (amateur SpEE)
  4017 | D:4      | HP: 1/38 [something/puff of flame (10)]
  4391 | D:4      | Noticed Sigmund
  4402 | D:4      | Killed Sigmund
  4403 | D:4      | Reached XP level 7. HP: 32/44 MP: 7/7
  4572 | D:4      | Found an ancient bone altar of Kikubaaqudgha.
  4762 | D:4      | Reached skill level 5 in Maces & Flails
  4986 | D:4      | Found a shimmering blue altar of Sif Muna.
  5042 | D:4      | Reached skill level 5 in Fighting
  5321 | D:4      | Killed ma3's ghost
  5470 | D:5      | Entered Level 5 of the Dungeon
  5498 | D:5      | Reached XP level 8. HP: 42/49 MP: 8/8
  5841 | D:5      | Noticed Duvessa
  5843 | D:5      | Noticed Dowan
  5852 | D:5      | Killed Duvessa
  5866 | D:5      | Killed Dowan
  5946 | D:5      | Noticed Pikel
  5959 | D:5      | Noticed Blork the orc
  5973 | D:5      | Killed Pikel
  5974 | D:5      | Reached skill level 5 in Armour
  5974 | D:5      | Reached skill level 5 in Dodging
  5994 | D:5      | Killed Blork the orc
  5995 | D:5      | Reached XP level 9. HP: 21/56 MP: 9/9
  6459 | D:5      | Identified Sif Muna's Volume of Quantum Confrontation
  6856 | D:6      | Found a staircase to the Ecumenical Temple.
  6859 | D:6      | Found Huppid's Assorted Antiques.
  6911 | D:6      | Found a sand-covered staircase.
  6916 | Ossuary  | Entered an ossuary
  7569 | D:6      | Found a shimmering blue altar of Sif Muna.
  7807 | D:6      | Bought a scroll labelled ZUTIWUDWIA for 26 gold pieces
  7807 | D:6      | Bought a scroll labelled HUTOPA RARCH for 26 gold pieces
  7807 | D:6      | Bought a scroll labelled JAQUCK HEHYO for 26 gold pieces
  7807 | D:6      | Bought a scroll of identify for 52 gold pieces
  7807 | D:6      | Bought a knobbly copper ring for 130 gold pieces
  7911 | D:6      | Found an opulent altar of Gozag.
  7911 | D:6      | Found a sparkling altar of Nemelex Xobeh.
  8104 | D:6      | Noticed Maggie
  8135 | D:6      | Killed Maggie
  8740 | D:7      | Found an ornate altar of the Wu Jian Council.
  8957 | D:7      | Found a hide-covered altar of Uskayaw.
  8957 | D:7      | Found a white marble altar of Elyvilon.
  8957 | D:7      | Found an ornate altar of the Wu Jian Council.
  9465 | Temple   | Entered the Ecumenical Temple
  9505 | Temple   | Became a worshipper of Warmaster Okawaru
  9603 | D:8      | Noticed a death yak
  9606 | D:8      | Noticed a death yak
  9607 | D:8      | Noticed a two-headed ogre
  9634 | D:7      | You fall into a shaft and drop 1 floor!
  9634 | D:8      | Found a staircase to the Lair.
  9634 | D:8      | Noticed a death yak
 10068 | D:8      | Reached skill level 1 in Invocations
 10147 | D:9      | Reached XP level 10. HP: 63/64 MP: 10/10
 10199 | D:9      | Found a burning altar of Makhleb.
 10298 | D:9      | HP: 3/64 [troll (8)]
 10305 | D:9      | HP: 1/64 [troll (4)]
 10306 | D:9      | Mangled by a troll

Illustrated notes

Levels and vault maps discovered:
D:1:      dpeg_arrival_arbitrary_a, layout_basic
D:2:      layout_rooms
D:3:      layout_basic, old_standard_altar, nicolae_dithmenos_shadow_blocks
D:4:      layout_gridville, lemuel_zombie_altar_kikubaaqudgha,
          nicolae_overflow_crystal_walls, hellmonk_ghost_happy_afterlife,
          uniq_sigmund
D:5:      layout_loops_ring, uniq_blork_the_orc, uniq_duvessa, uniq_pikel
D:6:      layout_basic, grunt_temple_overflow_opulence,
          minmay_temple_entry_mist, nicolae_ossuary_entry_false_entrances,
          basic_altar, serial_shops, shop, roderic_roman_lattice, uniq_maggie
D:7:      layout_loops_ring, gammafunk_temple_overflow_claw, basic_altar,
          minmay_misc_feat_x
D:8:      layout_basic, marbit_many_paths, dpeg_lair_monsters, uniq_gastronok
D:9:      layout_roguey, kennysheep_mini_moat, overflow_temple_1_default,
          grunt_temple_overflow_cloverleaf, serial_shops,
          nicolae_shop_competitors_out_of_business
Temple:   corrupted_temple

Skill      XL: |  1  2  3  4  5  6  7  8  9 |
---------------+----------------------------+-----
Armour         | 1 2 3 4 5 7 |  7.4
Fighting       | 3 4 5 6 7 |  7.9
Dodging        | 3 4 5 6 |  6.3
Maces & Flails | 4 5 6 7 |  7.6
Invocations    | 1 |  1.6
Throwing       | |  1.9

Action                   |  1- 3 |  4- 6 |  7- 9 | 10-12 || total
-------------------------+-------+-------+-------+-------++-------
Melee: Flail             |   102 |       |   629 |    68 ||   799
       Whip              |     5 |   327 |    33 |       ||   365
Throw: Throwing net      |       |       |     4 |       ||     4
Evoke: Wand              |       |       |     1 |     3 ||     4
  Use: Scroll            |       |     7 |    18 |       ||    25
       Potion            |       |     3 |     9 |     1 ||    13
 Stab: Held in net/web   |       |       |     1 |       ||     1
       Paralysed         |       |       |     6 |       ||     6
       Invisible         |       |       |     1 |       ||     1
Armor: Leather armour    |    36 |       |   143 |       ||   179
       Ring mail         |    40 |   158 |    56 |       ||   254
       Steam dragon scal |       |       |    72 |    38 ||   110
Dodge: Dodged            |    95 |   223 |   441 |    50 ||   809

Table legend: (Time is in decaauts)
 A = Elapsed time spent in this place.
 B = Non-inter-level travel time spent in this place.
 C = Inter-level travel time spent in this place.
 D = Time resting spent in this place.
 E = Time spent auto-exploring this place.
 F = Levels seen in this place.
 G = Mean time per level.
                   A        B        C        D        E       F      G
               +--------+--------+--------+--------+--------+-----+--------+
         Total |  10336 |   9919 |    417 |   1542 |   6030 |  11 |  939.6 |
       Dungeon |   9636 |   9250 |    386 |   1542 |   5621 |   9 | 1070.7 |
        Temple |     59 |     29 |     30 |      0 |     28 |   1 |   59.0 |
       Ossuary |    640 |    640 |      0 |      0 |    381 |   1 |  640.0 |
               +--------+--------+--------+--------+--------+-----+--------+

Top non-repeatable levels by time:
     D:4: 1631 daAuts
     D:1: 1569 daAuts
     D:5: 1297 daAuts
     D:6: 1174 daAuts
     D:2: 1147 daAuts
     D:3: 1122 daAuts
     D:7: 931 daAuts
 Ossuary: 640 daAuts
     D:8: 555 daAuts
     D:9: 207 daAuts
  Temple: 59 daAuts
